 Dungeon Crawl Stone Soup version 0.18.1-8-gdd0e5ea (webtiles) character file.

91 Medar the Slasher (level 4, -5/35 HPs)
             Began as a Demonspawn Chaos Knight on May 21, 2016.
             Slain by a kobold
             ... wielding a +1 short sword of electrocution
              (8 damage)
             ... on level 3 of the Dungeon.
             The game lasted 00:08:19 (2693 turns).

Medar the Slasher (Demonspawn Chaos Knight)         Turns: 2693, Time: 00:08:20

Health: -5/35      AC:  5    Str: 16    XL:     4   Next: 33%
Magic:  4/4        EV: 11    Int: 13    God:    Xom [..*...]
Gold:   110        SH:  0    Dex: 13    Spells: 0 memorised, 3 levels left

rFire  . . .     SeeInvis .     b - +1 rod of clouds (4/12) {!a}
rCold  . . .     Gourm    .     q - +2 leather armour
rNeg   . . .     Faith    .     (no shield)
rPois  .         Spirit   .     (helmet restricted)
rElec  .         Dismiss  .     (no cloak)
rCorr  .         Reflect  .     (no gloves)
SustAt .         Harm     .     (no boots)
MR     .....                    j - amulet of inaccuracy (curse)
Stlth  ++........               u - ring of stealth
                                t - +3 ring of strength

@: drained, not resistant to hostile enchantments, unstealthy
A: claws 1, horns 1, rot immunity
a: Renounce Religion


You were on level 3 of the Dungeon.
You worshipped Xom.
You were a toy of Xom.
You were not hungry.

You visited 1 branch of the dungeon, and saw 3 of its levels.

You collected 110 gold pieces.

Inventory:

Hand Weapons
 c - a +0 falchion of chaos
Missiles
 s - 6 poisoned needles
Armour
 q - a +2 leather armour (worn)
 v - a cursed +0 leather armour
Rods
 b - a +1 rod of clouds (4/12) (in claw) {!a}
   (You found it on level 3 of the Dungeon)
Jewellery
 j - a cursed amulet of inaccuracy (around neck)
 o - an uncursed amulet of dismissal
 p - an uncursed ring of teleportation
 t - a +3 ring of strength (left claw)
 u - a ring of stealth (right claw)
Scrolls
 e - a scroll of teleportation
 f - 2 scrolls of recharging {unknown}
 k - a scroll of immolation
 n - a scroll of amnesia
 w - a scroll of fog {unknown}
 y - a scroll of fear {unknown}
Potions
 h - 2 potions of haste {unknown}
 i - a potion of agility {unknown}
 l - a potion of flight
 m - a potion of curing {@q1}
Comestibles
 a - 2 bread rations {@e1}
 d - a royal jelly
 g - a meat ration {@e2}
 r - a beef jerky
 x - 5 chunks of flesh


   Skills:
 - Level 3.0(2.8) Fighting
 - Level 3.2(3.0) Long Blades
 - Level 1.7(1.5) Armour
 - Level 0.8(0.6) Dodging
 + Level 3.1(2.9) Unarmed Combat


You had 3 spell levels left.
You didn't know any spells.

Dungeon Overview and Level Annotations

Branches:
Dungeon (3/15)

Altars:
The Shining One


Innate Abilities, Weirdness & Mutations

You have sharp fingernails.
You have a pair of small horns on your head.
You are immune to rotting.


Message History

Press: ? - help, Dir - move target cursor, f - kobold
Aim: a kobold, wielding a short sword of electrocution (moderately wounded)
You create a blast of rain!
The kobold hits you but does no damage.
You are electrocuted!
Read which item? (? for menu, Esc to quit)
Okay, then.
Fire/throw which item? (* to show all) (? for menu, Esc to quit)
Press: ? - help, Shift-Dir - straight line, f/p - kobold
Aim: a kobold, wielding a short sword of electrocution (rain, moderately wounded)
You throw a throwing net {=f =F}.
The throwing net {=f =F} misses the kobold.
The kobold hits you but does no damage.
You are electrocuted!
Ouch! That really hurt!
* * * LOW HITPOINT WARNING * * *
Unknown command.
The kobold hits you with a short sword of electrocution.
* * * LOW HITPOINT WARNING * * *
You are electrocuted!
You die...

#########
#...(...#
#..§§§..#
#..§§§..#
#§# ##.#
### ##K.#
..# #@..#
).######
##.#.#
#..##..#
#..#>#
##.#...#
##.##.#
##.....#
#..#..#
#....##
#.##.##
#...##
#.##.#
##....#
##.#..#


You could see a kobold.

Vanquished Creatures
  2 adders (D:2)
  6 dart slugs
  A giant gecko (D:3)
  An orc (D:3)
  A ball python (D:3)
  5 bats
  2 giant cockroaches (D:2)
  6 hobgoblins
  4 jackals (D:3)
  7 kobolds
  A quokka (D:3)
  2 giant newts
  11 goblins
  5 rats
54 creatures vanquished.

Notes
Turn   | Place    | Note
--------------------------------------------------------------
     0 | D:1      | Medar the Demonspawn Chaos Knight began the quest for the Orb.
     0 | D:1      | Reached XP level 1. HP: 18/18 MP: 1/1
    34 | D:1      | XOM: potion effect (berserk rage)
   225 | D:1      | Gained mutation: You have sharp fingernails. [demonic ancestry]
   225 | D:1      | Reached XP level 2. HP: 24/24 MP: 2/2
   312 | D:1      | XOM: harmless Chrm miscast
   320 | D:1      | XOM: divination: detect items
   479 | D:1      | XOM: harmless Erth miscast
   547 | D:1      | Reached skill level 1 in Unarmed Combat
  1117 | D:2      | XOM: harmless Trmt miscast
  1134 | D:2      | Gained mutation: You have a pair of small horns on your head. [demonic ancestry]
  1134 | D:2      | Reached XP level 3. HP: 28/29 MP: 3/3
  1346 | D:2      | XOM: harmless Chrm miscast
  1366 | D:2      | Found a glowing golden altar of the Shining One.
  1713 | D:2      | XOM: god gift: leather armour {god gift}
  2098 | D:2      | Gained mutation: You are immune to rotting. [demonic ancestry]
  2098 | D:2      | Reached XP level 4. HP: 20/35 MP: 4/4
  2416 | D:3      | Identified a +1 rod of clouds (12/12) (You found it on level 3 of the Dungeon)
  2491 | D:3      | XOM: 1-stop teleportation journey
  2526 | D:3      | XOM: snakes to sticks
  2693 | D:3      | Slain by a kobold

Skill      XL: |  1  2  3  4 |
---------------+-------------+-----
Long Blades    | 3 |  3.2
Unarmed Combat | 1 2 3 |  3.1
Fighting       | |  3.0
Armour         | |  1.7
Dodging        | |  0.8

Action                   |  1- 3 |  4- 6 || total
-------------------------+-------+-------++-------
Melee: Falchion          |   111 |       ||   111
       Unarmed           |    25 |    48 ||    73
       Headbutt          |     7 |     4 ||    11
       Punch             |     1 |     1 ||     2
Throw: Throwing net      |       |     1 ||     1
Evoke: Rod               |       |     3 ||     3
  Use: Scroll            |     7 |       ||     7
       Potion            |       |     1 ||     1
 Stab: Distracted        |     2 |     1 ||     3
       Sleeping          |       |     2 ||     2
  Eat: Chunk             |     4 |     4 ||     8
Armor: Leather armour    |    33 |    20 ||    53
Dodge: Dodged            |    82 |    40 ||   122
